cohdb
Replays
Latest Replays
All Replays
Popular Replays
Top Player Replays
Match Explorer
How It Works
Community
CoH3 Stats
Reddit
Sign in to upload your games and track your stats! →
Sign in with Steam
Match 40218509
Unlisted
Match 40218509
Overview
Messages
Build Orders
End
Construct Weapon Support Center
Selects Armored Battlegroup
Selects Veteran Crews
M1919 Machine Gun Team
Engineer Squad
Construct Barracks
M1 Mortar Team
Riflemen Squad
Riflemen Squad
Construct Medical Station
Mechanized Support Center
Selects Field Repairs
Construct Motor Pool
M3 75 mm Gun Motor Carriage
Riflemen Squad
Selects Strength in Steel
Engineer Squad
Grenade Package
Riflemen Squad
Riflemen Squad
M1918 Browning Automatic Rifles
Construct Tank Depot
Selects War Machine
Riflemen Squad
M4A1 Sherman Medium Tank
M1 Mortar Team
Engineer Squad
Engineer Squad
Selects M8 Scott SPG
Selects UNKNOWN (2160077)
M4(105) Sherman Bulldozer
M4A3E8 Sherman Easy Eight
.30 cal Machine Gun
M4A3E8 Sherman Easy Eight
M1 Anti-tank Gun Team
M4A3E8 Sherman Easy Eight
Scre4mzy
[GG]Onkel Stonkel
[GG]Quiq
Fraudo
Angor
Armordillo
0
0
Comments
sign in to comment!
No comments posted yet!